 Dungeon Crawl Stone Soup version 0.16-a0-1816-g2c93a98 (webtiles) character file.

2960 timbw the Basher (level 9, -2/79 HPs)
             Began as a Troll Hunter on Nov 3, 2014.
             Was a Priest of Okawaru.
             Incinerated by a mottled dragon (3 damage)
             ... with a sticky flame
             ... on level 9 of the Dungeon.
             The game lasted 00:09:55 (1769 turns).

timbw the Basher (Troll Hunter)                     Turns: 1769, Time: 00:09:55

Health: -2/79      AC:  6    Str: 27    XL:     9   Next: 52%
Magic:  4/4        EV: 13    Int: 12    God:    Okawaru [***...]
Gold:   105        SH:  0    Dex: 13    Spells: 0 memorised, 8 levels left

rFire  . . .     SeeInvis .     v - +1 dire flail (curse)
rCold  . . .     Clarity  .     d - +1 animal skin
rNeg   . . .     SustAb   .     (shield restricted)
rPois  .         Gourm    +     (helmet restricted)
rElec  .         Spirit   .     (no cloak)
rCorr  .         Warding  .     (gloves unavailable)
rMut   .         Stasis   .     (boots unavailable)
MR     .....                    (no amulet)
Stlth  +.........               (no ring)
                                (no ring)

@: mighty, brilliant, liquid flames, heroism, very slightly contaminated,
glowing, not resistant to hostile enchantments, very unstealthy
A: unfitting armour, claws 3, fast metabolism 3, gourmand, regeneration 2,
shaggy fur 1, tough skin 2
a: Heroism, Renounce Religion


You were on level 9 of the Dungeon.
You worshipped Okawaru.
Okawaru was most pleased with you.
You were hungry.

You visited 2 branches of the dungeon, and saw 10 of its levels.

You collected 105 gold pieces.

Inventory:

Hand weapons
 j - a +0 club
 p - a +0 flail
 v - a cursed +1 dire flail (weapon)
Missiles
 c - 2 throwing nets (quivered)
Armour
 d - a +1 animal skin (worn)
Magical devices
 l - a wand of random effects (48)
Potions
 h - a potion of brilliance
 k - a potion of poison
Books
 t - a book of Enchantments

   Spells                             Type                      Level
   Tukima's Dance                     Hexes                        3
   Cause Fear                         Hexes                        4
   Silence                            Hexes/Air                    5
   Deflect Missiles                   Charms/Air                   6
   Haste                              Charms                       6
   Discord                            Hexes                        8
Comestibles
 a - 2 meat rations
 g - a beef jerky
 n - a bread ration


   Skills:
 - Level 2.1(7.1) Fighting
 + Level 11.7(16.7) Maces & Flails
 - Level 3.6(8.6) Throwing
 - Level 2.1(7.1) Dodging
 - Level 0.4(5.4) Stealth


You had 8 spell levels left.
You didn't know any spells.

Dungeon Overview and Level Annotations

Branches:
Dungeon (9/15)             Temple (1/1) D:4
   Lair: D:8-11         Orc: D:9-12

Altars:
Kikubaaqudgha
Makhleb
Nemelex Xobeh
Okawaru
Qazlal
Sif Muna
Trog
Xom
Yredelemnul
Zin
The Shining One


Innate Abilities, Weirdness & Mutations

You are too large for most types of armour.
You have claws for hands.
Your metabolism is lightning-fast.
You like to eat raw meat.
You heal very quickly.
You are covered in fur (AC +1).
You have very tough skin (AC +2).


Message History

Okay, then.
Use which ability? (? or * to list)
You gain the combat prowess of a mighty hero.
You feel slightly more hungry. The ice beast hits you.
* * * LOW HITPOINT WARNING * * *
The ice beast freezes you!
* * * LOW HITPOINT WARNING * * *
The mottled dragon spits sticky flame at you.
The sticky flame hits you!
You are covered in liquid flames!
Drink which item? (? for menu, Esc to quit)
Magic courses through your body.
It was a potion of magic.
You are covered in liquid flames!
* * * LOW HITPOINT WARNING * * *
The ice beast barely misses you.
Unknown command.
You hit the ice beast.
The ice beast is moderately wounded.
You are covered in liquid flames!
You die...

...# ##.#Y..
....####....P
.......###... #.........
#....##... ##..###...
########## ##...####..
#........# #..........
#......@.# #...#.##...
#.......Y#####...#.##...
#......D...........P[...
#........#####..........
#......(.# #..........
........# ##.........
.......# #.........
......## #.........
..!....# #######..


You could see a mottled dragon and an ice beast.

Vanquished Creatures
  A sea snake (shapeshifter) (D:9)
  The ghost of timbw the Insei, an average OpTm (D:5)
  4 yaks (D:9)
  A deep elf mage (D:9)
  A water moccasin (D:4)
  3 porcupines (D:9)
  A phantom (D:7)
  2 centaurs
  A giant frog (D:6)
  A scorpion (D:9)
  6 wights
  2 crimson imps
  5 hounds
  4 worker ants
  An iguana (D:9)
  A killer bee zombie (D:6)
  A mummy (D:9)
  A green rat (D:9)
  A shadow imp (D:9)
  3 adders
  3 worms
  An adder zombie (D:5)
  6 orcs
  2 giant cockroaches
  5 goblins
  6 hobgoblins
  6 jackals
  5 quokkas
  6 bats
  2 giant geckos
  3 giant newts
  3 kobolds
  A rat (D:3)
90 creatures vanquished.

Vanquished Creatures (others)
  2 giant spores
  A fungus (D:9)
  A plant (D:9)
4 creatures vanquished.

Grand Total: 94 creatures vanquished

Notes
Turn   | Place    | Note
--------------------------------------------------------------
     0 | D:1      | timbw, the Troll Hunter, began the quest for the Orb.
     0 | D:1      | Reached XP level 1. HP: 19/19 MP: 1/1
   152 | D:2      | Reached XP level 2. HP: 18/28 MP: 1/1
   251 | D:3      | Reached skill level 1 in Maces & Flails
   251 | D:3      | Reached XP level 3. HP: 16/35 MP: 2/2
   448 | D:3      | Noticed a water moccasin
   462 | D:4      | Killed a water moccasin
   462 | D:4      | Reached XP level 4. HP: 24/42 MP: 2/2
   462 | D:4      | Reached XP level 5. HP: 28/49 MP: 2/2
   487 | D:4      | Found a staircase to the Ecumenical Temple.
   502 | Temple   | Entered the Ecumenical Temple
   534 | Temple   | Became a worshipper of Warmaster Okawaru
   666 | D:4      | Reached skill level 4 in Maces & Flails
   841 | D:4      | Reached XP level 6. HP: 48/57 MP: 3/3
   866 | D:5      | Entered Level 5 of the Dungeon
   871 | D:5      | Reached skill level 5 in Maces & Flails
   877 | D:5      | Noticed timbw's ghost (average OpTm)
   886 | D:5      | Killed timbw's ghost
   886 | D:5      | Reached skill level 6 in Maces & Flails
   901 | D:5      | Found a shimmering altar of Xom.
  1024 | D:5      | Reached XP level 7. HP: 65/65 MP: 3/3
  1075 | D:5      | Acquired Okawaru's first power
  1302 | D:7      | Reached skill level 7 in Maces & Flails
  1432 | D:9      | Reached skill level 8 in Maces & Flails
  1443 | D:9      | Reached XP level 8. HP: 50/72 MP: 3/3
  1452 | D:9      | Noticed a basilisk
  1462 | D:9      | Noticed a deep elf mage
  1476 | D:9      | Killed a deep elf mage
  1526 | D:9      | Noticed a yak
  1561 | D:9      | Killed a yak
  1561 | D:9      | Reached skill level 9 in Maces & Flails
  1599 | D:9      | Noticed a yak
  1611 | D:9      | Noticed a yak
  1612 | D:9      | Noticed a yak
  1613 | D:9      | Noticed a yak
  1614 | D:9      | Noticed a yak
  1614 | D:9      | Noticed a yak
  1618 | D:9      | Noticed a yak
  1618 | D:9      | Noticed a basilisk
  1624 | D:9      | Noticed a yak
  1624 | D:9      | Killed a yak
  1624 | D:9      | Reached skill level 10 in Maces & Flails
  1631 | D:9      | Killed a yak
  1631 | D:9      | Reached XP level 9. HP: 48/79 MP: 4/4
  1641 | D:9      | Killed a yak
  1669 | D:9      | Noticed a basilisk
  1701 | D:9      | Noticed a sea snake
  1706 | D:9      | Killed a sea snake
  1706 | D:9      | Reached skill level 11 in Maces & Flails
  1720 | D:9      | HP: 2/79 [yak (13)]
  1768 | D:9      | HP: 1/79 [burnt (7)]
  1769 | D:9      | Incinerated by a mottled dragon

Action                   |  1- 3 |  4- 6 |  7- 9 || total
-------------------------+-------+-------+-------++-------
Melee: Unarmed           |    57 |    81 |       ||   138
       Flail             |       |       |    88 ||    88
       Dire flail        |       |       |   134 ||   134
Throw: Large rock        |     5 |     8 |    10 ||    23
Invok: Heroism           |       |       |     7 ||     7
  Use: Scroll            |       |     2 |     6 ||     8
       Potion            |       |       |     5 ||     5
  Eat: Chunk             |     1 |     3 |     3 ||     7
       Beef jerky        |       |     1 |       ||     1
       Meat ration       |       |     1 |       ||     1
